Map: Lightshade LE

Players

Kure

  • Race: Protoss Protoss
  • League: Diamond
  • Spawn Location: 5:00

ViBE - Winner!

  • Race: Terran Terran
  • League: Diamond
  • Spawn Location: 11:00

VOD

https://www.youtube.com/watch?v=0oXqll_H64Y&list=PLFeZeom2b4Dlh0ODA1b0Emdpxys8WNRv3&index=19

Description

ling roach all-in v bio

Time

  • Played on: April 15, 2021, 7:57 p.m.
  • Length: 7:34
Show
View Real Time Build Order
Export as new Build Order

Kure Protoss 

Build Orders: 1 Gate Expand 

Get SALT Encoding   

  12  0:01  Probe  
  13  0:13  Probe  
  14  0:19  Pylon  
  14  0:25  Probe  
  15  0:37  Probe  
  15  0:39  Gateway  
  17  0:50  Probe (Chrono Boost), Assimilator  
  17  1:00  Probe (Chrono Boost)  
  18  1:04  Probe (Chrono Boost)  
  19  1:16  Probe  
  20  1:25  Nexus  
  20  1:34  Probe  
  21  1:47  Cybernetics Core  
  21  1:49  Pylon  
  21  1:53  Probe, Assimilator  
  22  2:05  Probe (Chrono Boost)  
  24  2:16  Probe (Chrono Boost)  
  24  2:20  Probe (Chrono Boost)  
  25  2:26  Stalker (Chrono Boost)  
  27  2:30  Warp Gate  
  27  2:32  Probe  
  25  3:00  Probe (Chrono Boost)  
  27  3:05  Probe (Chrono Boost)  
  27  3:10  Probe (Chrono Boost)  
  27  3:11  Sentry  
  31  3:13  Robotics Facility  
  31  3:14  Probe (Chrono Boost)  
  31  3:15  Probe (Chrono Boost)  
  31  3:17  Gateway  
  31  3:18  Pylon  
  32  3:24  Probe  
  32  3:27  Probe  
  34  3:36  Probe  
  34  3:39  Probe (Chrono Boost)  
  36  3:43  Stalker  
  38  3:49  Probe (Chrono Boost)  
  38  3:51  Probe (Chrono Boost)  
  40  3:59  Probe x2 (Chrono Boost)  
  42  4:03  Probe (Chrono Boost)  
  42  4:05  Probe (Chrono Boost)  
  42  4:06  Observer  
  45  4:15  Pylon  
  47  4:17  Probe (Chrono Boost)  
  47  4:21  Probe (Chrono Boost)  
  47  4:25  Probe (Chrono Boost)  
  47  4:28  Observer, Probe (Chrono Boost)  
  50  4:31  Probe  
  50  4:36  Stalker  
  53  4:38  Nexus, Stalker  
  53  4:39  Probe  
  53  4:42  Pylon  
  53  4:43  Probe  
  53  4:45  Shield Battery  
  57  4:46  Pylon  
  57  4:50  Assimilator  
  57  4:53  Assimilator, Phoenix  
  57  4:54  Pylon  
  57  5:10  Probe x2  
  57  5:12  Immortal  
  63  5:15  Stalker x2  
  67  5:23  Probe x2  
  69  5:35  Probe x2  
  71  5:37  Pylon  
  71  5:39  Stalker  
  71  5:40  Stalker  
Show
View Real Time Build Order
Export as new Build Order

ViBE Terran - Winner!

Build Orders:  

Get SALT Encoding   

  12  0:00  SCV  
  13  0:12  SCV  
  14  0:17  Supply Depot  
  14  0:24  SCV  
  15  0:39  SCV  
  15  0:40  Barracks  
  16  0:46  Refinery  
  16  0:51  SCV  
  17  1:07  SCV  
  18  1:19  SCV  
  20  1:33  Command Center  
  20  1:35  Orbital Command  
  20  1:38  Reaper  
  20  1:48  Supply Depot  
  20  2:07  SCV  
  21  2:08  Bunker  
  21  2:15  Marine  
  22  2:18  Barracks  
  22  2:19  SCV  
  23  2:31  Barracks, SCV  
  23  2:35  Barracks Reactor  
  24  2:43  SCV  
  25  2:45  SCV  
  26  2:55  SCV  
  26  2:58  Orbital Command  
  27  2:59  Engineering Bay  
  27  3:07  SCV  
  27  3:09  Barracks Tech Lab  
  28  3:18  Barracks Tech Lab  
  28  3:19  Marine x2  
  30  3:20  SCV  
  30  3:26  Terran Infantry Weapons Level 1  
  31  3:30  SCV  
  31  3:32  SCV  
  31  3:33  Marauder  
  31  3:34  Stimpack  
  35  3:39  Marauder, Marine x2  
  39  3:42  SCV  
  39  3:48  Supply Depot  
  40  3:52  Supply Depot  
  40  3:54  SCV x2  
  40  3:55  Marauder  
  44  4:01  Marauder, Supply Depot  
  44  4:02  Supply Depot  
  46  4:09  Marine x2  
  48  4:12  SCV x2  
  48  4:14  Concussive Shells  
  50  4:19  Marine  
  50  4:22  Marine  
  52  4:24  SCV x2  
  52  4:26  Barracks  
  52  4:30  Marine x2  
  56  4:36  Barracks  
  56  4:43  Barracks  
  56  4:53  Supply Depot, Marine  
  56  4:54  Marauder x2, Supply Depot, Marine  
  62  5:11  Marine x2  
  64  5:15  Marauder x2  
  68  5:23  Barracks Tech Lab  
  68  5:25  Barracks Reactor  
  68  5:29  Marine x2  
  70  5:36  Marine  
  70  5:38  Supply Depot  
  70  5:39  Supply Depot  
  70  5:40  Supply Depot  
  70  5:41  Barracks Reactor  
  70  5:42  Marine x2  
  72  5:47  Marine x2  
  72  5:48  Barracks  
  72  5:49  Barracks x2  
  72  5:54  Marine  
  72  6:00  Marauder  
  72  6:01  Marauder, Marine x2  
  77  6:05  Marine x2  
  77  6:15  Marauder  
  79  6:19  Marine x2  
  79  6:21  Marine  
  82  6:38  Barracks Tech Lab x2  
  82  6:41  Barracks Reactor  
  82  6:43  Marine x9  
  82  6:48  SCV x2  
  82  7:01  Marauder x2, Marine x9  
  82  7:03  SCV x2  
Tags
 
Add a new tag
Caveats
  • Supply blocks, unpowered buildings, or Contaminate may cause inaccurate times.
  • Supply counts are checked every 10 seconds.